 Dungeon Crawl Stone Soup version 0.20.1-1-g8b1a95d (webtiles) character file.

731 letownia2 the Grave Robber (level 7, 57/61 HPs)
             Began as a Deep Dwarf Necromancer on Nov 6, 2017.
             Quit the game in the Ecumenical Temple.
             The game lasted 00:10:15 (2775 turns).

letownia2 the Grave Robber (Deep Dwarf Necromancer) Turns: 2775, Time: 00:10:15

Health: 57/61      AC:  6    Str: 12    XL:     7   Next: 45%
Magic:  12/12      EV:  9    Int: 17    God:
Gold:   164        SH:  0    Dex: 13    Spells: 9/13 levels left

rFire    . . .     SeeInvis .   a - +1 dagger (venom)
rCold    . . .     Gourm    .   (no shield)
rNeg     . . .     Faith    .   l - +0 scale mail
rPois    .         Spirit   .   (no helmet)
rElec    .         Reflect  .   (no cloak)
rCorr    .         Harm     .   (no gloves)
MR       +....                  (no boots)
Stlth    +.........             (no amulet)
Regen    0.0/turn               (no ring)
MPRegen  0.2/turn               (no ring)

@: about to teleport, non-regenerating
A: damage resistance, heal wounds, sense surroundings 1, no regeneration
a: Heal Wounds


You were in the Ecumenical Temple.
You were not hungry.

You visited 2 branches of the dungeon, and saw 6 of its levels.

You collected 164 gold pieces.

Inventory:

Hand Weapons
 a - a +1 dagger of venom (weapon)
 o - a +0 dagger
 r - a +0 spear
Missiles
 w - 71 arrows
Armour
 d - a +0 robe
 e - a +0 ring mail
 l - a +0 scale mail (worn)
Scrolls
 s - a scroll of enchant armour
Potions
 g - a potion of agility {unknown}
 j - a potion of curing {unknown}
 k - a potion of degeneration {unknown}
 m - a potion of lignification {unknown}
 n - 2 potions of heal wounds {unknown}
 q - a potion of might
 A - a potion of cancellation {unknown}
Books
 b - a book of Necromancy

   Spells                             Type                      Level
   a - Pain                           Necromancy                   1
   b - Animate Skeleton               Necromancy                   1
   c - Vampiric Draining              Necromancy                   3
   d - Regeneration                   Charms/Necromancy            3
   e - Animate Dead                   Necromancy                   4
   f - Control Undead                 Necromancy                   4
 x - a book of Geomancy

   Spells                             Type                      Level
   a - Sandblast                      Earth                        1
   b - Passwall                       Transmutation/Earth          2
   c - Stone Arrow                    Conjuration/Earth            3
   d - Petrify                        Transmutation/Earth          4
   e - Lee's Rapid Deconstruction     Earth                        5
Comestibles
 c - 2 bread rations
 f - 3 meat rations
 i - 7 fruits
 z - 2 chunks of flesh


   Skills:
 - Level 2.8 Fighting
 - Level 3.2 Armour
 - Level 2.1 Dodging
 - Level 2.4 Stealth
 + Level 3.7 Spellcasting
 + Level 7.4 Necromancy


You had 9 spell levels left.
You knew the following spells:

 Your Spells              Type           Power        Failure   Level  Hunger
a - Pain                  Necr           ####         3%          1    None
v - Vampiric Draining     Necr           ####......   11%         3    ###....


Dungeon Overview and Level Annotations

Branches:
Dungeon (5/15)             Temple (1/1) D:5

Altars:
Ashenzari
Cheibriados
Dithmenos
Elyvilon
Fedhas
Hepliaklqana
Kikubaaqudgha
Nemelex Xobeh
Qazlal
Trog
Uskayaw
Vehumet
Xom
Yredelemnul
The Shining One


Innate Abilities, Weirdness & Mutations

You are resistant to damage.
You can heal yourself by infusing magical energy.
You passively map a small area around you.
You do not regenerate.


Message History

It is a scroll of identify.
q - a potion of might
As you read the scroll labeled WITWISISER, it crumbles to dust.
It is a scroll of amnesia.
Forget which spell ([?*] list [ESC] exit)?
Forget which spell ([?*] list [ESC] exit)?
Okay, then.
As you read the scroll labeled HEUTUENGOSYI, it crumbles to dust.
It is a scroll of recharging.
You aren't carrying any rechargeable items.
As you read the scroll labeled JUBBIE IGOA, it crumbles to dust.
You feel momentarily disoriented.
It was a scroll of magic mapping.
Unknown command.
As you read the scroll labeled LEISHR LIUGU, it crumbles to dust.
You feel strangely unstable.
It was a scroll of teleportation.
As you read the scroll labeled ONITHI NUKHLUIK, it crumbles to dust.
It is a scroll of enchant armour.
Really abort (and waste the scroll)?
Okay, then.
Are you sure you want to abandon this character and quit the game? (Confirm with "yes".)

#...#...##.##...#...#
#####._....##...##...._.#####
#...#...#####._.#####...#...#
#._....##...........##...._.#
#...#...#._.##.##._.#...#...#
#####._.#...#...#...#._.#####
#...#####._.#####...#
#####...#...#...#####
#._....@.._.# #...##.##...#
##.##...##.## #....<....#
####...#### #####


There were no monsters in sight!

Vanquished Creatures
  An ice beast (D:4)
  A centaur (D:5)
  2 scorpions (D:4)
  A centaur zombie (D:5)
  A bullfrog zombie (D:5)
  A hound (D:5)
  A jelly (D:5)
  2 orc priests
  A centaur skeleton (D:5)
  An iguana (D:5)
  4 orc wizards (D:4)
  A worker ant (D:5)
  A howler monkey zombie (D:4)
  A gnoll (D:4)
  4 adders
  2 oozes (D:4)
  An adder skeleton (D:4)
  A leopard gecko (D:4)
  5 orcs
  3 giant cockroaches
  4 goblins (D:1)
  A hobgoblin (D:1)
  2 jackals (D:4)
  A kobold (D:3)
  A quokka (D:4)
  A ball python skeleton (D:5)
  3 frilled lizards
  A leopard gecko skeleton (D:4)
  2 rats
51 creatures vanquished.

Notes
Turn   | Place    | Note
-------+----------+-------------------------------------------
     0 | D:1      | letownia2 the Deep Dwarf Necromancer began the quest for the Orb.
     0 | D:1      | Reached XP level 1. HP: 15/15 MP: 3/3
    86 | D:1      | Found a shattered altar of Ashenzari.
   280 | D:1      | Reached XP level 2. HP: 22/22 MP: 0/5
   432 | D:3      | Reached skill level 1 in Armour
   442 | D:3      | Reached XP level 3. HP: 12/28 MP: 0/6
   447 | D:3      | Learned a level 3 spell: Vampiric Draining
   577 | D:3      | Reached skill level 5 in Necromancy
   899 | D:4      | Noticed a phantom
   904 | D:5      | Entered Level 5 of the Dungeon
   925 | D:5      | Reached XP level 4. HP: 26/36 MP: 1/7
  1056 | D:4      | Reached skill level 6 in Necromancy
  1056 | D:4      | Reached XP level 5. HP: 29/42 MP: 0/8
  1425 | D:4      | Reached skill level 7 in Necromancy
  1560 | D:4      | Noticed a necrophage
  1690 | D:4      | Reached XP level 6. HP: 40/49 MP: 0/10
  2169 | D:5      | Noticed an ice beast
  2183 | D:5      | Reached skill level 1 in Fighting
  2368 | D:4      | Killed an ice beast
  2368 | D:4      | Reached XP level 7. HP: 43/60 MP: 0/12
  2688 | D:5      | Found a staircase to the Ecumenical Temple.
  2703 | Temple   | Entered the Ecumenical Temple
  2775 | Temple   | Quit the game

Skill      XL: |  1  2  3  4  5  6  7 |
---------------+----------------------+-----
Spellcasting   | 2 3 |  3.7
Armour         | 1 2 3 |  3.2
Necromancy     | 5 6 7 |  7.4
Fighting       | 2 |  2.8
Dodging        | |  2.1
Stealth        | |  2.4

Action                   |  1- 3 |  4- 6 |  7- 9 || total
-------------------------+-------+-------+-------++-------
Melee: Dagger            |    47 |    73 |     4 ||   124
 Cast: Pain              |    33 |    24 |     4 ||    61
       Vampiric Draining |     6 |    23 |     4 ||    33
  Use: Scroll            |       |       |     6 ||     6
  Eat: Chunk             |       |     8 |     2 ||    10
Armor: Ring mail         |    15 |    42 |     1 ||    58
       Scale mail        |       |       |     2 ||     2
Dodge: Dodged            |    30 |    65 |     6 ||   101
